 Dungeon Crawl Stone Soup version 0.30.0-10-gfe55d96785 (webtiles) character file.

Game seed: 18227088496420798468

50 qw the Chopper (level 3, 0/23 HPs)
             Began as a Gargoyle Cinder Acolyte on May 16, 2023.
             Was an Elder of Ignis.
             Slain by Terence
             ... wielding a +0 hand axe
              (4 damage)
             ... on level 1 of the Dungeon.
             The game lasted 00:00:29 (799 turns).

qw the Chopper (Gargoyle Cinder Acolyte)             Turns: 799, Time: 00:00:30

Health: 0/23       AC: 16    Str: 19    XL:     3   Next: 79%
Magic:  4/4        EV:  9    Int: 14    God:    Ignis [****..]
Gold:   35         SH:  0    Dex:  5    Spells: 4/4 levels left

rFire   + . .        Y - -1 hand axe (flame)
rCold   . . .        (no shield)
rNeg    + . .        j - +0 scale mail
rPois   inf          (no helmet)
rElec   +            (no cloak)
rCorr   .            (no gloves)
SInv    .            (no boots)
Will    .....        (no amulet) Stlth
                     (no ring)
HPRegen 0.23/turn    (no ring)
MPRegen 0.09/turn

%: no passive effects
@: fiery-armoured
A: sickness immunity, AC +3, negative energy resistance 1, electricity
resistance, torment resistance 1, petrification resistance
a: Renounce Religion, Fiery Armour, Foxfire Swarm, Rising Flame


You were on level 1 of the Dungeon.
You worshipped Ignis.
Ignis was greatly pleased with you.
You visited 1 branch of the dungeon, and saw 2 of its levels.

You collected 35 gold pieces.


Innate Abilities, Weirdness & Mutations

You are immune to sickness and miasma.
Your stone body is resilient. (AC +3)
You are immune to poison.
You resist negative energy. (rN+)
You are resistant to electric shocks. (rElec)
You are resistant to unholy torment.
You are immune to petrification.


   Skills:
 - Level 3.2 Fighting
 + Level 4.0 Axes
 - Level 1.0 Armour
 - Level 1.0 Spellcasting
 - Level 3.0 Fire Magic


You had 4 spell levels left.
You didn't know any spells.
Your spell library contained the following spells:

 Spells                   Type           Power      Damage    Failure   Level
 Scorch                   Fire           18%        2d5       34%         2

Inventory:

Hand Weapons
 Y - a -1 hand axe of flaming (weapon)
Armour
 j - a +0 scale mail (worn)
Potions
 e - a potion of curing {unknown}
 h - a potion of might

Dungeon Overview and Level Annotations

Branches:
Dungeon (2/15)

Altars:

Annotations:
D:1 Terence


Message History

Terence hits you but does no damage.
The ball python bites you but does no damage.
The ball python grabs you.
You stop ascending the stairs.
The ball python constricts you. The adder bites you but does no damage.
You hit the ball python but do no damage.
You hit the adder. You burn the adder. You barely miss Terence.
Terence hits you with a +0 hand axe. The adder bites you but does no damage.
The ball python bites you but does no damage.
The ball python constricts you.
793 ||| INVOKING Fiery Armour.
A protective cloak of flame settles atop you.
The adder bites you but does no damage.
The adder is burned by your cloak of flames.
You kill the adder!
Terence barely misses you.
The ball python bites you but does no damage.
The ball python is burned by your cloak of flames.
The ball python is heavily wounded.
The ball python constricts you.
Your Armour skill increases to level 1!
You hit the ball python. You burn the ball python.
You kill the ball python!
You hit Terence but do no damage. Terence barely misses you.
795 ||| STAIRDANCE Terence hits you with a +0 hand axe!
Terence resists.
Terence is burned by your cloak of flames.
Terence is lightly wounded.
You climb upwards.
There is a stone staircase leading down here.
You barely miss Terence.
Terence is lightly wounded.
Terence closely misses you.
You hit Terence but do no damage.
Terence is lightly wounded.
Terence barely misses you.
You hit Terence but do no damage.
Terence is lightly wounded.
Terence hits you with a +0 hand axe.
You die...

######## #######
#......####....@##
##....#..##.....@.#
......##..#.#...#.#
.77...###.#.#.#.#.#
....#####.....###.#
#####......##...?.#
......##..#########
..######.## #.# #.#


You could see Terence (strong).

Vanquished Creatures
  An adder (D:2)
  A dart slug (D:1)
  2 endoplasms (D:1)
  4 giant cockroaches (D:1)
  8 goblins (D:1)
  2 hobgoblins (D:1)
  2 jackals (D:1)
  2 kobolds (D:1)
  2 quokkas (D:1)
  3 ball pythons
  3 bats (D:1)
  3 frilled lizards (D:1)
  3 rats (D:1)
36 creatures vanquished.

Notes
Turn   | Place    | Note
-------+----------+-------------------------------------------
     0 | D:1      | qw the Gargoyle Cinder Acolyte began the quest for the Orb.
     0 | D:1      | Reached XP level 1. HP: 14/14 MP: 2/2
     0 | D:1      | 0 ||| qw: Version: 0.2-a-94-gbb182e1
     0 | D:1      | 0 ||| qw: Game counter: 47
     0 | D:1      | 0 ||| qw: Always use a shield: true
     0 | D:1      | 0 ||| qw: God list: Okawaru
     0 | D:1      | 0 ||| qw: Allow faded altars: false
     0 | D:1      | 0 ||| qw: Do Orc after D:15 true
     0 | D:1      | 0 ||| qw: Do second Lair branch before Depths: true
     0 | D:1      | 0 ||| qw: Lair rune preference: random
     0 | D:1      | 0 ||| qw: Plans: Normal
     0 | D:1      | 0 ||| PLANNING D:1-11
    42 | D:1      | 42 ||| Stepping ~*~*~tactically~*~*~ (stealth).
    54 | D:1      | 54 ||| INVOKING Fiery Armour.
    61 | D:1      | Reached skill level 3 in Axes
   141 | D:1      | Reached XP level 2. HP: 19/19 MP: 3/3
   145 | D:1      | 145 ||| Stepping ~*~*~tactically~*~*~ (stealth).
   184 | D:1      | 184 ||| INVOKING Fiery Armour.
   274 | D:1      | Reached XP level 3. HP: 23/23 MP: 4/4
   464 | D:1      | 464 ||| Stepping ~*~*~tactically~*~*~ (stealth).
   504 | D:1      | Reached skill level 4 in Axes
   507 | D:1      | 507 ||| INVOKING Fiery Armour.
   740 | D:1      | 740 ||| UPGRADING to +0 leather armour.
   750 | D:1      | 750 ||| DROPPING +0 robe.
   751 | D:1      | 751 ||| UPGRADING to +0 ring mail.
   761 | D:1      | 761 ||| DROPPING +0 leather armour.
   762 | D:1      | 762 ||| UPGRADING to +0 scale mail.
   772 | D:1      | 772 ||| DROPPING +0 ring mail.
   773 | D:1      | 773 ||| READING 3 scrolls labelled TOS UHUGEM.
   774 | D:1      | 774 ||| READING scroll labelled MIXTUA TOIPT.
   775 | D:1      | 775 ||| READING scroll labelled QESUIDGH VUTT.
   776 | D:1      | 776 ||| DROPPING 2 scrolls of fear.
   783 | D:2      | Noticed Terence
   791 | D:2      | 791 ||| STAIRDANCE
   793 | D:2      | 793 ||| INVOKING Fiery Armour.
   794 | D:2      | Reached skill level 1 in Armour
   795 | D:2      | 795 ||| STAIRDANCE
   795 | D:2      | HP: 3/23 [Terence/+0 hand axe (9)]
   799 | D:1      | Slain by Terence

Levels and vault maps discovered:
D:1:      amcnicky_arrival_blooded_trapdoor, layout_basic, minmay_cut_off
D:2:      layout_rooms, basic_altar, ebering_ecumenical_altar_mist,
          uniq_sigmund, uniq_terence

Skill      XL: |  1  2  3 |
---------------+----------+-----
Axes           | 3 4 |  4.0
Armour         | 1 |  1.0
Fighting       | |  3.2
Spellcasting   | |  1.0
Fire Magic     | |  3.0

Action                     || total
---------------------------++-------
  Melee: Hand axe          ||    90
 Invoke: Fiery Armour      ||     4
    Use: Scroll            ||     3
 Armour: Robe              ||    33
         Scale mail        ||     9
  Dodge: Dodged            ||    74

Table legend:
 A = Non-vault XP
 B = Vault XP
 C = Vault XP percentage of total XP
 D = Non-vault monster count
 E = Vault monster count
 F = Vault count percentage of total count
                 A         B        C        D         E       F
            +---------+---------+-------+---------+---------+-------
      Total |      63 |       9 |  12.5 |      31 |       5 |  13.9
            +---------+---------+-------+---------+---------+-------
        D:1 |      48 |       9 |  15.8 |      29 |       5 |  14.7
        D:2 |      15 |       0 |   0.0 |       2 |       0 |   0.0
            +---------+---------+-------+---------+---------+-------
